 Dungeon Crawl Stone Soup version 0.29-a0-517-gbdf32494f2 (webtiles) character file.

Game seed: 1873407575749277132

11 purpskrrrp the Shield-Bearer (level 2, -2/24 HPs)
             Began as a Formicid Fighter on May 30, 2022.
             Slain by a kobold
             ... wielding a +2 dagger of venom
              (4 damage)
             ... on level 1 of the Dungeon.
             The game lasted 00:01:38 (257 turns).

purpskrrrp the Shield-Bearer (Formicid Fighter)      Turns: 257, Time: 00:01:39

Health: -2/24      AC:  7    Str: 20    XL:     2   Next: 35%
Magic:  2/2        EV:  6    Int:  7    God:
Gold:   20         SH:  4    Dex: 10    Spells: 1/1 levels left

rFire   . . .      SeeInvis +   g - +1 whip (elec)
rCold   . . .      Faith    .   c - +0 buckler
rNeg    . . .      Spirit   .   b - +0 scale mail
rPois   .          Reflect  .   (helmet unavailable)
rElec   .          Harm     .   (no cloak)
rCorr   .          Rampage  .   (no gloves)
Will    .....                   (no boots)
Stlth   ..........              (no amulet)
HPRegen 0.08/turn               (no ring)
MPRegen 0.08/turn               (no ring)

@: lethally poisoned (-2 -> -22), constricted
A: permanent stasis, dig shafts and tunnels, antennae 3, four strong arms
a: Dig, Shaft Self


You were on level 1 of the Dungeon.
You visited 1 branch of the dungeon, and saw 1 of its levels.

You collected 20 gold pieces.

Inventory:

Hand Weapons
 a - a +0 quarterstaff
 g - a +1 whip of electrocution (weapon)
Armour
 b - a +0 scale mail (worn)
 c - a +0 buckler (worn)
Scrolls
 f - a scroll of poison {unknown}
 h - a scroll of blinking {unknown}
Potions
 d - a potion of might
 e - a potion of magic {unknown}
 i - a potion of curing {unknown}


   Skills:
 + Level 3.3 Fighting
 + Level 2.2 Staves
 + Level 3.7 Armour
 + Level 4.2 Shields


You had one spell level left.
You didn't know any spells.
Your spell library was empty.

Dungeon Overview and Level Annotations

Branches:
Dungeon (1/15)

Altars:


Innate Abilities, Weirdness & Mutations

You cannot be hasted, slowed, berserked, paralysed or teleported.
You can dig through walls and to a lower floor.
You have a pair of large antennae on your head. (SInv)
Your four strong arms can wield two-handed weapons with a shield.


Message History

You hit the bat but do no damage. The bat hits you but does no damage.
The bat barely misses you.
A frilled lizard comes into view.
A ball python comes into view.
The ball python hisses angrily.
The frilled lizard hisses angrily.
You hit the goblin. Lightning courses through the goblin!
You kill the goblin!
The bat hits you but does no damage. The bat closely misses you.
You block the bat's attack. The bat hits you but does no damage.
The bat barely misses you. The bat hits you but does no damage.
Things that are here:
a +0 club; a goblin corpse The bat barely misses you.
The bat hits you but does no damage. The bat barely misses you.
The kobold hits you with a +2 dagger of venom.
You are poisoned.
You closely miss the kobold.
You feel very sick. You block the bat's attack.
The bat hits you but does no damage. The bat misses you.
The kobold hits you with a +2 dagger of venom.
You are lethally poisoned!
The ball python closely misses you. The ball python completely misses you.
You barely miss the kobold.
You feel very sick. The bat hits you but does no damage.
The bat closely misses you. You block the bat's attack.
The bat hits you but does no damage.
The ball python bites you but does no damage.
The ball python grabs you. The ball python constricts you.
The goblin barely misses you. The kobold hits you but does no damage.
You are more poisoned.
You hit the bat.
The bat is moderately wounded.
* * * LOW HITPOINT WARNING * * *
You feel very sick. The bat hits you but does no damage. x2
The ball python bites you but does no damage.
The ball python constricts you.
The kobold hits you with a +2 dagger of venom.
You die...

P≈≈♣.≈# #..##.#.#
P≈≈.P≈# #..##.#.# ..
♣≈≈♣♣≈######...#.#.# ...
.≈≈♣.≈#........#.#.#....
P≈≈♣.≈######.......#.#..
P≈≈P♣≈#.................
♣≈≈♣♣≈#........b.S......
≈≈≈≈≈≈######.###)b.b....
####### #. #@g#..... #.
#KS...... #. #.l......
.. ......... ..
.....#... .. .....##...
...... .. ........


You could see a goblin, 3 bats, 2 ball pythons, a kobold and a frilled lizard.

Vanquished Creatures
  A dart slug (D:1)
  A bat (D:1)
  A goblin (D:1)
  A hobgoblin (D:1)
  A kobold (D:1)
  A quokka (D:1)
  A frilled lizard (D:1)
  A rat (D:1)
8 creatures vanquished.

Vanquished Creatures (others)
  3 plants (D:1)
3 creatures vanquished.

Grand Total: 11 creatures vanquished

Notes
Turn   | Place    | Note
-------+----------+-------------------------------------------
     0 | D:1      | purpskrrrp the Formicid Fighter began the quest for the
                  | Orb.
     0 | D:1      | Reached XP level 1. HP: 18/18 MP: 1/1
    75 | D:1      | Reached XP level 2. HP: 18/24 MP: 2/2
   257 | D:1      | Slain by a kobold

Illustrated notes

Levels and vault maps discovered:
D:1:      lightli_arrival_farm, layout_rooms

Action                   || total
-------------------------++-------
Melee: Quarterstaff      ||    14
       Whip              ||     8
Armor: Scale mail        ||    25
Dodge: Dodged            ||    26
Block: Buckler           ||     9

Table legend: (Time is in decaauts)
 A = Elapsed time spent in this place.
 B = Non-inter-level travel time spent in this place.
 C = Inter-level travel time spent in this place.
 D = Time resting spent in this place.
 E = Time spent auto-exploring this place.
 F = Levels seen in this place.
 G = Mean time per level.
                   A        B        C        D        E       F      G
               +--------+--------+--------+--------+--------+-----+--------+
         Total |    277 |    277 |      0 |    138 |     55 |   1 |  277.0 |
       Dungeon |    277 |    277 |      0 |    138 |     55 |   1 |  277.0 |
               +--------+--------+--------+--------+--------+-----+--------+

Top non-repeatable levels by time:
     D:1: 277 daAuts
